 Dungeon Crawl Stone Soup version 0.29.1-13-g9f3cf754e1 (webtiles) character file.

Game seed: 14495432736586923817

48 Thatpatchoflichen the Trooper (level 3, -2/41 HPs)
             Began as an Ogre Monk on Feb 7, 2023.
             Slain by a goblin
             ... wielding a +0 dagger
             ... led by Robin
              (5 damage)
             ... on level 2 of the Dungeon.
             The game lasted 00:02:01 (1402 turns).

Thatpatchoflichen the Trooper (Ogre Monk)           Turns: 1402, Time: 00:02:02

Health: -2/41      AC:  3    Str: 17    XL:     3   Next: 72%
Magic:  3/3        EV: 10    Int: 11    God:
Gold:   53         SH:  0    Dex: 11    Spells: 2/2 levels left

rFire   . . .      SeeInvis .   a - +0 mace
rCold   . . .      Faith    .   k - orb {mayhem}
rNeg    . . .      Spirit   .   b - +0 robe
rPois   .          Reflect  .   (helmet restricted)
rElec   .          Harm     .   (no cloak)
rCorr   +          Rampage  .   (gloves unavailable)
Will    .....                   (boots unavailable)
Stlth   ++........              (no amulet)
HPRegen 0.13/turn               f - ring of resist corrosion
MPRegen 0.08/turn               (no ring)

@: no status effects
A: large, unfitting armour, tough skin 1
a: no special abilities


You were on level 2 of the Dungeon.
You visited 1 branch of the dungeon, and saw 2 of its levels.

You collected 53 gold pieces.

Inventory:

Hand Weapons
 a - a +0 mace (weapon)
Armour
 b - a +0 robe (worn)
 k - an orb of mayhem (worn)
Jewellery
 f - a ring of resist corrosion (left hand)
Scrolls
 d - 2 scrolls of amnesia {unknown}
 i - a scroll of butterflies {unknown}
 j - 2 scrolls of blinking {unknown}
 l - a scroll of identify {unknown}
Potions
 c - a potion of ambrosia
 e - a potion of curing {unknown}
 g - a potion of heal wounds {unknown}
 h - a potion of magic {unknown}


   Skills:
 + Level 4.8 Fighting
 + Level 3.2 Maces & Flails
 + Level 3.2 Dodging
 - Level 1.4 Stealth


You had 2 spell levels left.
You didn't know any spells.
Your spell library contained the following spells:

 Spells                   Type           Power      Damage    Failure   Level
 Sublimation of Blood     Necr           0%         N/A       47%         2
 Wereblood                Tmut           0%         N/A       47%         2
 Summon Hydra             Summ           0%         N/A       100%        7


Dungeon Overview and Level Annotations

Branches:
Dungeon (2/15)

Altars:


Innate Abilities, Weirdness & Mutations

You are too large for most types of armour.
You have tough skin. (AC +1)


Message History

The goblin shoots a sling bullet.
The sling bullet misses you.
Things that are here:
a +0 club; a +0 dagger; a hobgoblin corpse The goblin shoots a sling bullet.
The sling bullet closely misses you.
Robin drinks a potion.
Robin seems to speed up.
Robin zaps a wand.
Some rock shatters into small pieces.
You barely miss Robin. Robin hits you with a +0 dagger.
You hit Robin.
Robin is moderately wounded.
Robin closely misses you.
You barely miss Robin.
Robin is moderately wounded.
Robin zaps a wand.
Some rock shatters into small pieces.
You barely miss Robin.
Robin is moderately wounded.
Robin hits you with a +0 dagger. Robin throws the goblin at you!
The goblin unwields a +0 sling.
The goblin wields a +0 dagger.
The goblin hits you with a +0 dagger.
You hit Robin.
Robin is severely wounded.
Robin hits you with a +0 dagger. x2; The goblin hits you with a +0 dagger.
You sock Robin!
You kill Robin!
The goblin flies into a frenzy!
The goblin hits you with a +0 dagger.
* * * LOW HITPOINT WARNING * * *
The goblin hits you with a +0 dagger.
* * * LOW HITPOINT WARNING * * *
Items here: ) / [[ †.
You closely miss the goblin. The goblin closely misses you.
The goblin hits you with a +0 dagger.
* * * LOW HITPOINT WARNING * * *
You hit the goblin.
The goblin is moderately wounded.
The goblin closely misses you. The goblin barely misses you.
You hit the goblin but do no damage.
The goblin is moderately wounded.
The goblin hits you with a +0 dagger.
* * * LOW HITPOINT WARNING * * *
The goblin hits you with a +0 dagger.
You die...

####### ####..#
#.....###.....##.
#.....##..###.#.#
#.....##.## #..#
#.....##.# #.#
#........# #..#
##.....#####.#.#####
#.....)####.##......
..>.....#...)).@g...#
........#.######.##.#
.....g..#.# ##.# #
........#.# #..
...g.gg.#.# #.#
........#.# ..#
........#.# #.# #.#
#. #.#


You could see a neutral goblin (fast, strong, insane).

Vanquished Creatures
  Robin (D:2)
  4 ball pythons (D:1)
  An endoplasm (D:1)
  4 goblins
  5 hobgoblins
  2 jackals (D:2)
  A quokka (D:1)
  3 bats (D:1)
  A frilled lizard (D:1)
  3 kobolds (D:1)
  3 rats
28 creatures vanquished.

Vanquished Creatures (collateral kills)
  4 goblins (D:2)
  A hobgoblin (D:2)
5 creatures vanquished.

Grand Total: 33 creatures vanquished

Notes
Turn   | Place    | Note
-------+----------+-------------------------------------------
     0 | D:1      | Thatpatchoflichen the Ogre Monk began the quest for the
                  | Orb.
     0 | D:1      | Reached XP level 1. HP: 24/24 MP: 1/1
    80 | D:1      | Found a faded altar of an unknown god.
   208 | D:1      | Reached XP level 2. HP: 32/32 MP: 2/2
  1143 | D:2      | Reached XP level 3. HP: 26/40 MP: 3/3
  1305 | D:2      | Noticed Robin
  1398 | D:2      | Killed Robin
  1402 | D:2      | Slain by a goblin

Illustrated notes

Levels and vault maps discovered:
D:1:      eino_arrival_water_cross, layout_loops_ring,
          dreamdust_ecumenical_altar_statues
D:2:      layout_basic, minmay_misc_feat_ornament, dreamdust_princess_corridor,
          uniq_robin, uniq_jessica

Skill      XL: |  1  2 |
---------------+-------+-----
Maces & Flails | 3 |  3.2
Dodging        | 3 |  3.2
Fighting       | |  4.8
Stealth        | |  1.4

Action                   || total
-------------------------++-------
Melee: Mace              ||    95
 Stab: Sleeping          ||     2
Armor: Robe              ||    42
Dodge: Dodged            ||    65
